 Dungeon Crawl Stone Soup version 0.30-b1-2-g02819fbbbe (webtiles) character file.

Game seed: 11437434354995174769

86 Fartwhistle the Cudgeller (level 4, -5/44 HPs)
             Began as an Ogre Gladiator on June 10, 2023.
             Slain by an orc
             ... wielding a +0 trident
              (8 damage)
             ... on level 3 of the Dungeon.
             The game lasted 00:03:56 (1719 turns).

Fartwhistle the Cudgeller (Ogre Gladiator)          Turns: 1719, Time: 00:03:57

Health: -5/44      AC:  3    Str: 20    XL:     4   Next: 49%
Magic:  4/4        EV: 10    Int:  9    God:
Gold:   108        SH:  0    Dex: 10    Spells: 3/3 levels left

rFire   + . .        a - +0 flail
rCold   . . .        (no shield)
rNeg    . . .        b - +0 robe
rPois   .            c - +0 hat
rElec   .            (no cloak)
rCorr   .            (gloves unavailable)
SInv    .            (boots unavailable)
Will    +....        (no amulet)
Stlth   +            f - ring of protection from fire
HPRegen 0.27/turn    j - ring of willpower
MPRegen 0.09/turn

%: no passive effects
@: no status effects
A: large, unfitting armour, tough skin 1
a: no special abilities


You were on level 3 of the Dungeon.
You visited 1 branch of the dungeon, and saw 3 of its levels.

You collected 108 gold pieces.

Inventory:

Hand Weapons
 a - a +0 flail (weapon)
Missiles
 d - 3 throwing nets (quivered)
 e - a large rock
 v - 8 poisoned darts
Armour
 b - a +0 robe (worn)
 c - a +0 hat (worn)
Jewellery
 f - a ring of protection from fire (left hand)
 j - a ring of willpower (right hand)
Scrolls
 g - 2 scrolls of vulnerability {unknown}
 h - 2 scrolls of amnesia {unknown}
 i - a scroll of fear {unknown}
 l - a scroll of brand weapon {unknown}
 m - a scroll of magic mapping {unknown}
 n - 3 scrolls of identify {unknown}
 r - a scroll of poison {unknown}
 s - 3 scrolls of fog {unknown}
Potions
 k - 2 potions of curing {unknown}
 o - 2 potions of heal wounds {unknown}
 p - 2 potions of cancellation {unknown}
 q - a potion of might {unknown}
 t - a potion of degeneration {unknown}
 u - a potion of lignification {unknown}


   Skills:
 - Level 2.6 Fighting
 + Level 4.7 Maces & Flails
 - Level 2.0 Throwing
 - Level 2.6 Dodging


You had 3 spell levels left.
You didn't know any spells.
Your spell library contained the following spells:

 Spells                   Type           Power      Damage    Failure   Level
 Sublimation of Blood     Necr           0%         N/A       52%         2
 Wereblood                Tmut           0%         N/A       52%         2
 Inner Flame              Hex/Fire       0%         N/A       77%         3
 Yara's Violent Unravell  Hex/Tmut       0%         3d3       100%        5
 Enfeeble                 Hex            0%         N/A       100%        7
 Summon Hydra             Summ           0%         N/A       100%        7


Dungeon Overview and Level Annotations

Branches:
Dungeon (3/15)

Altars:
Elyvilon

Annotations:
D:2 Sigmund


Innate Abilities, Weirdness & Mutations

You are too large for most types of armour.
You have tough skin. (AC +1)


Message History

The orc hits you from afar with a +0 trident.
The orc barely misses you.
You see here a +0 short sword.
You are too injured to fight recklessly!
You are too injured to fight recklessly!
You are too injured to fight recklessly!
You closely miss the orc. The orc misses you.
You hit the orc.
The orc is severely wounded.
The orc hits you with a +0 trident.
* * * LOW HITPOINT WARNING * * *
You hit the orc but do no damage.
The orc is severely wounded.
The orc hits you with a +0 trident.
* * * LOW HITPOINT WARNING * * *
You hit the orc but do no damage.
The orc is severely wounded.
The orc closely misses you.
You hit the orc.
The orc is almost dead.
The orc barely misses you.
You hit the orc but do no damage.
The orc is almost dead.
The orc closely misses you. x2
You closely miss the orc.
The orc is almost dead.
The orc hits you with a +0 trident.
* * * LOW HITPOINT WARNING * * *
You closely miss the orc.
The orc is severely wounded.
The orc hits you with a +0 trident.
* * * LOW HITPOINT WARNING * * *
You hit the orc but do no damage.
The orc is severely wounded.
The orc hits you with a +0 trident.
* * * LOW HITPOINT WARNING * * *
You hit the orc but do no damage.
The orc is severely wounded.
The orc hits you with a +0 trident!
You die...

#..## .....................
##..##........###..........
##..#........# #########..
##.############..........
#.##### ##.........†..
#.##... ...#.....#...#
#.##... ##.# #...###..#.
#.##..o##..# #...##...#.
#..# #)@..# #...#......
##.######.####...#......
#...###....##........##
###.##..##.##....>..##
#..#.###......#...# ##...#
##..#..#...#
###.####..##.....#
#........###....##
#..#..#..# ##..^.##


You could see an orc.

Vanquished Creatures
  An orc wizard (D:3)
  2 adders
  An orc (D:3)
  6 ball pythons
  6 endoplasms
  A giant cockroach (D:2)
  6 goblins
  2 hobgoblins
  3 kobolds
  2 quokkas
  3 bats
  5 frilled lizards
  3 rats
41 creatures vanquished.

Vanquished Creatures (others)
  4 toadstools (D:1)
4 creatures vanquished.

Grand Total: 45 creatures vanquished

Notes
Turn   | Place    | Note
-------+----------+-------------------------------------------
     0 | D:1      | Fartwhistle the Ogre Gladiator began the quest for the Orb.
     0 | D:1      | Reached XP level 1. HP: 22/22 MP: 1/1
    85 | D:1      | Reached skill level 3 in Maces & Flails
   116 | D:1      | Reached XP level 2. HP: 19/29 MP: 2/2
   311 | D:1      | Found a faded altar of an unknown god.
   766 | D:2      | Noticed Sigmund
   904 | D:2      | Reached XP level 3. HP: 36/36 MP: 3/3
   973 | D:2      | Reached skill level 4 in Maces & Flails
  1502 | D:3      | Reached XP level 4. HP: 42/44 MP: 4/4
  1525 | D:3      | Found a white marble altar of Elyvilon.
  1719 | D:3      | Slain by an orc

Illustrated notes

Levels and vault maps discovered:
D:1:      ldierk_walled_garden_2, layout_basic, basic_ecumenical_altar
D:2:      layout_basic, uniq_sigmund
D:3:      layout_rooms, nicolae_elyvilon_peaceful_grove

Skill      XL: |  1  2  3 |
---------------+----------+-----
Maces & Flails | 3 4 |  4.7
Fighting       | |  2.6
Throwing       | |  2.0
Dodging        | |  2.6

Action                     |  1- 3 |  4- 6 || total
---------------------------+-------+-------++-------
  Melee: Flail             |   120 |    23 ||   143
         Punch             |       |     1 ||     1
 Armour: Robe              |    46 |     2 ||    48
  Dodge: Dodged            |    96 |    15 ||   111
